 Dungeon Crawl Stone Soup version 0.22-a0-274-gf8199ec (webtiles) character file.

32 Amnesiac the Magician (level 3, -5/24 HPs)
             Began as a Mummy Wizard on Mar 13, 2018.
             Slain by Natasha (9 damage)
             ... on level 2 of the Dungeon.
             The game lasted 00:01:29 (1098 turns).

Amnesiac the Magician (Mummy Wizard)                Turns: 1098, Time: 00:01:30

Health: -5/24      AC:  2    Str: 10    XL:     3   Next: 10%
Magic:  2/8        EV: 12    Int: 18    God:
Gold:   77         SH:  0    Dex: 10    Spells: 1/10 levels left

rFire    x . .     SeeInvis .   i - +1 dagger (venom)
rCold    + . .     Gourm    .   (no shield)
rNeg     + + +     Faith    .   a - +0 robe
rPois    ∞         Spirit   .   b - +0 hat
rElec    .         Reflect  .   (no cloak)
rCorr    .         Harm     .   (no gloves)
MR       .....                  (no boots)
Stlth    ++........             (no amulet)
HPRegen  0.08/turn              (no ring)
MPRegen  0.11/turn              (no ring)

@: very slightly contaminated, slowed, very slow
A: no food or potions, fire vulnerability, cold resistance 1, negative energy
resistance 3, torment resistance, unbreathing
a: no special abilities


You were on level 2 of the Dungeon.
You were not hungry.

You visited 1 branch of the dungeon, and saw 2 of its levels.

You collected 77 gold pieces.

Inventory:

Hand Weapons
 f - a +0 short sword
 i - a +1 dagger of venom (weapon)
Missiles
 e - 3 needles of sleeping
 g - 4 poisoned needles
 h - 52 stones (quivered)
Armour
 a - a +0 robe (worn)
 b - a +0 hat (worn)
 j - a +0 pair of boots
Scrolls
 c - 2 scrolls of fear {!r, unknown}
 d - 2 scrolls of remove curse {!r, unknown}
 k - 2 scrolls of identify {!r, unknown}
 l - a scroll of immolation {!r, unknown}
 m - a scroll of random uselessness {!r, unknown}


   Skills:
 - Level 1.5 Dodging
 - Level 1.5 Stealth
 - Level 4.0 Spellcasting
 + Level 2.5 Conjurations
 - Level 0.7 Summonings
   Level 0.7 Translocations


You had one spell level left.
You knew the following spells:

 Your Spells              Type           Power        Failure   Level  Hunger
a - Magic Dart            Conj           ##..         5%          1    N/A
b - Call Imp              Summ           #.......     17%         2    N/A
e - Mephitic Cloud        Conj/Pois/Air  #.......     30%         3    N/A
s - Conjure Flame         Conj/Fire      #.......     26%         3    N/A

Dungeon Overview and Level Annotations

Branches:
Dungeon (2/15)

Altars:
Xom

Annotations:
D:2 1 runed door, Natasha


Innate Abilities, Weirdness & Mutations

You do not eat or drink.
Your flesh is vulnerable to fire.
You are immune to poison.
Your flesh is cold resistant. (rC+)
You are immune to negative energy. (rN+++)
You are immune to unholy pain and torment.
You can survive without breathing.


Message History

Aim: a kobold The ball explodes into a vile cloud!
The stinking cloud engulfs the kobold.
The stinking cloud engulfs you!
The kobold is engulfed in noxious fumes.
The kobold appears confused.
The kobold closely misses you.
The kobold is engulfed in noxious fumes.
The kobold appears confused.
The kobold closely misses the goblin.
Natasha wildly gestures.
Natasha's front paws start to glow.
The kobold is engulfed in noxious fumes.
The kobold appears confused.
The kobold hits the goblin.
You see here a robe.
Natasha extends her claws.
The kobold is engulfed in noxious fumes.
The kobold appears confused.
You kill the kobold!
Casting: Mephitic Cloud (safe; 30% risk of failure)
Confirm with . or Enter, or press ? or * to list all spells.
Aiming: Mephitic Cloud (safe; 30% risk of failure)
Press: ? - help, Shift-Dir - straight line, f - goblin
Aim: a goblin, wielding a dagger (heavily wounded)
The ball explodes into a vile cloud!
The stinking cloud engulfs the goblin.
The goblin is heavily wounded.
The stinking cloud engulfs Natasha.
The stinking cloud engulfs the white imp.
The white imp appears unharmed.
You hear an angry hiss.
The goblin is engulfed in noxious fumes.
The goblin appears confused.
You kill the goblin!
Natasha is engulfed in noxious fumes.
Natasha appears confused.
Natasha is engulfed in noxious fumes.
Natasha appears confused.
You see here a robe.
Natasha is engulfed in noxious fumes. x2; Natasha appears confused.
You completely miss the white imp. The white imp misses you.
Natasha drinks a potion.
Natasha is healed!
Natasha seems less confused.
You closely miss the white imp. The white imp hits you.
The white imp freezes you. You resist.
Natasha casts a spell.
The white imp hits you. The white imp freezes you. You resist.
The white imp closely misses you.
The white imp disappears in a puff of smoke!
Natasha casts a spell at you. The magic dart hits you!
Natasha stares at you and mumbles some strange words.
The magic dart hits you!
* * * LOW HITPOINT WARNING * * *
Natasha casts a spell at you. The magic dart hits you!
* * * LOW HITPOINT WARNING * * *
Casting: Mephitic Cloud (safe; 30% risk of failure)
Confirm with . or Enter, or press ? or * to list all spells.
Aiming: Mephitic Cloud (safe; 30% risk of failure)
Press: ? - help, Shift-Dir - straight line, f - Natasha
Aim: Natasha You miscast Mephitic Cloud.
You are very lightly contaminated with residual magic.
Your skin glows momentarily.
The white imp disappears in a puff of smoke!
Casting: Mephitic Cloud (safe; 30% risk of failure)
Confirm with . or Enter, or press ? or * to list all spells.
You don't have enough magic to cast that spell.
You closely miss Natasha. Natasha claws you!
You die...

#......#.......# #... #
#######......##.### #...
#.###.............#.# #...
#.....####....###.#.# #...
#.....####...## #...## ...
#####......#.# ##...## ..
#........# ##.§.# #†
#########......#######.#.#######$
#......%...>)...@h.....#.[..)h##.
..##....####..#######..######5...
..##..†..###†.....####.# ####.
.##..###.)##.###†...##.# #.
.##.## ##....# #.#.....# ## .##.#
#..#.....###.[.#
....#####..#####.###.#......
.#...†##....## #.##..#......
###.#....P...#......## .....


You could see Natasha.

Vanquished Creatures
  A dart slug (D:1)
  A leopard gecko (D:2)
  2 giant cockroaches
  5 goblins
  3 hobgoblins (D:1)
  2 kobolds
  7 bats
  4 frilled lizards
  3 rats
28 creatures vanquished.

Notes
Turn   | Place    | Note
-------+----------+-------------------------------------------
     0 | D:1      | Amnesiac the Mummy Wizard began the quest for the Orb.
     0 | D:1      | Reached XP level 1. HP: 13/13 MP: 5/5
    73 | D:1      | Reached skill level 1 in Conjurations
   396 | D:1      | Reached XP level 2. HP: 19/19 MP: 2/7
   929 | D:2      | Found a runed door.
   974 | D:2      | Reached XP level 3. HP: 23/24 MP: 8/8
   979 | D:2      | Learned a level 3 spell: Mephitic Cloud
   982 | D:2      | Learned a level 2 spell: Call Imp
   986 | D:2      | Learned a level 3 spell: Conjure Flame
  1041 | D:2      | Found a shimmering altar of Xom.
  1069 | D:2      | Noticed Natasha
  1098 | D:2      | Slain by Natasha

Vault maps used:
D:1:      eino_arrival_cavern_e
D:2:      lemuel_crystal_altar, serial_corexii_hall,
          corexii_hall_statues_deadend, corexii_hall_statues_i,
          corexii_hall_statues_i, corexii_hall_statues_i, serial_park_tiny_1,
          tgw_trog, uniq_natasha, uniq_crazy_yiuf_cottage

Skill      XL: |  1  2 |
---------------+-------+-----
Conjurations   | 1 2 |  2.5
Dodging        | |  1.5
Stealth        | |  1.5
Spellcasting   | |  4.0
Summonings     | |  0.7
Translocations | |  0.7

Action                   || total
-------------------------++-------
Melee: Short sword       ||    13
       Dagger            ||    34
 Cast: Magic Dart        ||    24
       Mephitic Cloud    ||     2
 Stab: Sleeping          ||     3
Armor: Robe              ||    11
Dodge: Dodged            ||    25

Table legend:
 A = Spawn XP
 B = Non-spawn XP
 C = Spawn XP percentage of total XP
 D = Spawn monster count
 E = Non-spawn monster count
 F = Spawn count percentage of total count
 G = Total turns spent on level
                    A         B        C        D         E        F      G
               +---------+---------+-------+---------+---------+-------+---------
         Total |       0 |      47 |   0.0 |       0 |      28 |   0.0 |  1098
               +---------+---------+-------+---------+---------+-------+---------
           D:1 |       0 |      30 |   0.0 |       0 |      17 |   0.0 |   847
           D:2 |       0 |      17 |   0.0 |       0 |      11 |   0.0 |   251
               +---------+---------+-------+---------+---------+-------+---------
